 Dungeon Crawl Stone Soup version 0.17.1-3-g152610e (webtiles) character file.

176 jacquesderrida the Caller (level 5, -9/31 HPs)
             Began as a High Elf Summoner on Apr 5, 2016.
             Killed by divine providence
             ... invoked by an orc priest
              (11 damage)
             ... on level 4 of the Dungeon.
             The game lasted 00:11:03 (1546 turns).

jacquesderrida the Caller (High Elf Summoner)       Turns: 1546, Time: 00:11:04

Health: -9/31      AC:  4    Str:  8      XL:     5   Next: 30%
Magic:  9/12       EV: 12    Int: 18      God:
Gold:   198        SH:  0    Dex: 15 (16) Spells: 3 memorised, 6 levels left

rFire  . . .     SeeInvis .     p - +4 dagger
rCold  . . .     Clarity  .     l - +1 robe {MR+}
rNeg   . . .     SustAt   .     (no shield)
rPois  .         Gourm    .     (no helmet)
rElec  .         Spirit   .     (no cloak)
rCorr  .         Warding  .     j - +0 pair of gloves (curse)
rMut   .         Stasis   .     (no boots)
MR     +....                    (no amulet)
Stlth  ++........               (no ring)
                                (no ring)

@: somewhat resistant to hostile enchantments, unstealthy
A: no striking features
a: no special abilities


You were on level 4 of the Dungeon.
You were not hungry.

You visited 1 branch of the dungeon, and saw 4 of its levels.

You collected 198 gold pieces.

Inventory:

Hand Weapons
 f - a +0 dagger
 m - a +0 rapier
 p - a +4 dagger (weapon)
 q - a cursed +2 hand axe
Missiles
 g - 7 needles of slowing
Armour
 a - a +0 robe
 e - a +0 leather armour
 j - a cursed +0 pair of gloves (worn)
 l - a +1 robe of magic resistance (worn)
 r - a +0 robe of magic resistance
Jewellery
 k - an uncursed ring of sustain attributes {unknown}
Scrolls
 h - a scroll of enchant weapon
Potions
 n - a potion of flight {unknown}
Books
 b - a book of Callings

   Spells                             Type                      Level
   a - Summon Small Mammal            Summoning                    1
   b - Call Imp                       Summoning                    2
   c - Call Canine Familiar           Summoning                    3
   d - Summon Guardian Golem          Hexes/Summoning              3
   e - Summon Lightning Spire         Summoning/Air                4
   f - Summon Ice Beast               Ice/Summoning                4
Comestibles
 c - a bread ration
 d - 2 meat rations


   Skills:
 - Level 2.1 Dodging
 - Level 2.1 Stealth
 + Level 4.0 Spellcasting
 + Level 5.3 Summonings


You had 6 spell levels left.
You knew the following spells:

 Your Spells              Type           Power        Failure   Level  Hunger
a - Summon Small Mammal   Summ           ###.         1%          1    None
b - Call Imp              Summ           ###.....     2%          2    ##.....
c - Call Canine Familiar  Summ           ###.....     6%          3    ###....


Dungeon Overview and Level Annotations

Branches:
Dungeon (4/15)
 Temple: D:4-7

Altars:
Ru


Message History

The orc priest invokes the aid of Beogh against you.
Pain shoots through your body!
Your hound closely misses the orc.
Your hound barely misses the orc.
Casting: Call Canine Familiar
Confirm with . or Enter, or press ? or * to list all spells.
Your hound disappears in a puff of smoke!
Your hound bites the orc.
The orc hits you with a club.
Your hound barely misses the orc.
The orc hits you with a hand axe. The orc barely misses your hound.
The orc hits you with a club.
Your hound barely misses the orc.
Your hound bites the orc.
The orc dies!
The orc priest mumbles some strange prayers to Beogh against you.
Something smites you!
* * * LOW HITPOINT WARNING * * *
Your hound misses the orc.
Unknown command.
The orc priest calls down the wrath of Beogh upon you.
Something smites you!
You die...

############ #..........#
.......#..........#
.......#..........# #.
......#..........# #..
.....#...oh..o..###### #...
#...##@.##.)........#
#..##...##..##.....#....+
####..........########o#'##
. ##♣.♣##..........#
#....#..
##..>..##.........#
#.h..#..
##.......##...##...#
#....'..
#...###...##..##...#
#....#..
♣.♣##.##♣.♣#..###### #....#
. #'##..###'##..##..##
#....#o.


You could see an orc priest, an orc and a friendly hound.

Vanquished Creatures
  An orc (D:3)
  2 bats
  2 giant cockroaches
  3 giant newts
  A rat (D:3)
9 creatures vanquished.

Vanquished Creatures (collateral kills)
  4 wights (D:4)
  Jessica (D:4)
  A worker ant (D:4)
  2 adders
  3 oozes
  A giant gecko (D:2)
  3 orcs (D:4)
  3 bats
  2 giant cockroaches
  3 goblins
  5 hobgoblins
  A quokka (D:3)
  2 giant newts
  3 kobolds
  2 rats (D:1)
36 creatures vanquished.

Grand Total: 45 creatures vanquished

Notes
Turn   | Place    | Note
--------------------------------------------------------------
     0 | D:1      | jacquesderrida the High Elf Summoner began the quest for the Orb.
     0 | D:1      | Reached XP level 1. HP: 11/11 MP: 4/4
   183 | D:2      | Reached skill level 4 in Summonings
   253 | D:2      | Reached XP level 2. HP: 12/17 MP: 3/6
   308 | D:2      | Learned a level 2 spell: Call Imp
   698 | D:3      | Reached XP level 3. HP: 8/21 MP: 2/7
   747 | D:3      | Found a sacrificial altar of Ru.
   812 | D:3      | Noticed an ogre
   845 | D:3      | Noticed Jessica
   864 | D:4      | Killed Jessica
   879 | D:4      | Learned a level 3 spell: Call Canine Familiar
   980 | D:4      | Reached XP level 4. HP: 20/27 MP: 9/9
  1006 | D:4      | Reached skill level 5 in Summonings
  1199 | D:4      | Reached XP level 5. HP: 14/31 MP: 6/11
  1512 | D:4      | Found a sand-covered staircase.
  1544 | D:4      | HP: 1/31 [orc priest/divine providence (14)]
  1546 | D:4      | Killed from afar by an orc priest

Action                   |  1- 3 |  4- 6 || total
-------------------------+-------+-------++-------
Melee: Dagger            |    47 |     8 ||    55
       Unarmed           |     4 |       ||     4
 Cast: Summon Small Mamm |    20 |       ||    20
       Call Imp          |    18 |     3 ||    21
       Call Canine Famil |     1 |     4 ||     5
  Use: Potion            |     3 |       ||     3
       Scroll            |       |     4 ||     4
 Stab: Sleeping          |       |     1 ||     1
  Eat: Chunk             |       |     2 ||     2
       Beef jerky        |       |     1 ||     1
